Map: King Sejong Station LE

Players

Slumdog - Winner!

  • Race: Zerg Zerg
  • League: Diamond
  • Spawn Location: 11:00

wolnewitz

  • Race: Protoss Protoss
  • League: Platinum
  • Spawn Location: 5:00

VOD

Have the link to the VOD?

Description

2 Base Swarm Host is back!
This time with Ling Bane Support

Time

  • Played on: May 24, 2016, 1:33 p.m.
  • Length: 8:40
Show
View Real Time Build Order
Export as new Build Order

Slumdog Zerg - Winner!

Build Orders: Hatch First, Swarm Host 

Get SALT Encoding   

  12  0:01  Drone  
  13  0:12  Overlord  
  13  0:17  Drone  
  14  0:30  Drone x2  
  14  0:34  Drone  
  17  0:53  Hatchery  
  17  0:57  Drone  
  17  1:00  Drone, Extractor  
  17  1:15  Spawning Pool  
  16  1:19  Drone  
  16  1:22  Drone  
  18  1:28  Drone  
  19  1:38  Overlord  
  19  2:01  Metabolic Boost  
  19  2:03  Queen  
  19  2:06  Queen  
  19  2:07  Zergling x2  
  24  2:10  Zergling x2  
  24  2:14  Drone  
  26  2:22  Drone x2  
  28  2:25  Drone  
  28  2:28  Drone  
  30  2:36  Drone  
  31  2:42  Lair  
  31  2:46  Extractor  
  31  2:49  Drone x2, Extractor  
  31  2:53  Drone  
  31  2:56  Drone  
  33  3:01  Drone  
  33  3:04  Overlord  
  34  3:10  Drone x2  
  36  3:16  Overlord  
  35  3:29  Drone x4  
  35  3:30  Drone x2  
  41  3:42  Infestation Pit  
  40  3:50  Overlord x2  
  40  4:07  Overlord  
  40  4:21  Spore Crawler  
  40  4:23  Spore Crawler  
  38  4:25  Swarm Host x4  
  38  4:28  Swarm Host  
  58  4:43  Drone  
  58  4:45  Drone  
  60  4:47  Drone  
  60  4:51  Evolution Chamber  
  60  4:52  Hatchery  
  59  4:53  Drone  
  60  5:11  Queen  
  60  5:13  Drone x6  
  68  5:18  Drone, Extractor  
  68  5:37  Drone x2  
  68  5:38  Drone x3  
  73  5:48  Hydralisk Den  
  72  6:01  Overlord x3  
  72  6:02  Overlord x2  
  72  6:10  Queen  
  74  6:16  Zerg Ground Armor Level 1  
  74  6:18  Muscular Augments  
  74  6:19  Extractor  
  74  6:21  Extractor  
  74  6:25  Overlord  
  72  6:26  Hydralisk x5  
  80  6:52  Hydralisk x6  
  80  6:53  Hydralisk  
  94  6:57  Drone x2  
  96  7:08  Drone x3  
  99  7:24  Hydralisk x3  
  99  7:26  Overlord x3  
  105  7:32  Drone  
  105  7:33  Overlord x2  
  106  7:50  Drone x3  
  106  7:51  Drone x4  
  113  7:58  Hydralisk  
  113  7:59  Hydralisk  
  113  8:03  Drone x2  
Show
View Real Time Build Order
Export as new Build Order

wolnewitz Protoss 

Build Orders: Nexus First 

Get SALT Encoding   

  12  0:01  Probe (Chrono Boost)  
  13  0:11  Probe (Chrono Boost)  
  14  0:22  Pylon  
  14  0:24  Probe (Chrono Boost)  
  15  0:40  Probe (Chrono Boost)  
  16  0:51  Probe (Chrono Boost)  
  17  1:01  Nexus  
  18  1:04  Probe (Chrono Boost)  
  18  1:17  Gateway  
  18  1:19  Probe (Chrono Boost)  
  19  1:28  Assimilator  
  19  1:33  Pylon  
  19  1:38  Probe (Chrono Boost)  
  20  1:44  Assimilator  
  20  1:56  Probe (Chrono Boost)  
  21  2:05  Cybernetics Core  
  21  2:12  Gateway  
  21  2:14  Zealot  
  23  2:18  Probe (Chrono Boost)  
  23  2:21  Probe (Chrono Boost)  
  25  2:28  Probe (Chrono Boost)  
  26  2:32  Probe (Chrono Boost)  
  27  2:39  Probe (Chrono Boost)  
  27  2:42  Warp Gate  
  27  2:43  Mothership Core (Chrono Boost)  
  30  2:49  Probe (Chrono Boost)  
  31  2:53  Stalker  
  33  3:00  Probe (Chrono Boost)  
  33  3:01  Probe (Chrono Boost)  
  35  3:11  Probe (Chrono Boost)  
  35  3:12  Probe (Chrono Boost)  
  37  3:17  Pylon, Sentry  
  39  3:21  Probe (Chrono Boost)  
  39  3:23  Probe (Chrono Boost)  
  41  3:32  Probe (Chrono Boost)  
  41  3:34  Probe (Chrono Boost)  
  43  3:35  Assimilator  
  43  3:41  Stargate  
  43  3:42  Probe (Chrono Boost)  
  43  3:44  Probe (Chrono Boost)  
  45  3:50  Assimilator  
  45  3:53  Probe (Chrono Boost)  
  45  3:55  Probe (Chrono Boost)  
  47  4:03  Probe (Chrono Boost)  
  47  4:05  Probe (Chrono Boost)  
  49  4:12  Pylon  
  49  4:14  Probe (Chrono Boost)  
  49  4:16  Probe (Chrono Boost)  
  51  4:24  Probe (Chrono Boost), Phoenix (Chrono Boost)  
  51  4:25  Pylon  
  51  4:30  Probe (Chrono Boost)  
  55  4:35  Probe (Chrono Boost)  
  55  4:36  Pylon  
  56  4:39  Probe (Chrono Boost)  
  57  4:46  Probe  
  57  4:48  Gateway  
  57  4:49  Probe, Twilight Council, Phoenix (Chrono Boost)  
  61  4:58  Stalker x2, Probe  
  61  4:59  Pylon  
  66  5:00  Probe  
  67  5:10  Probe x2  
  67  5:11  Pylon  
  67  5:12  Gateway  
  69  5:14  Phoenix (Chrono Boost)  
  69  5:21  Probe  
  71  5:22  Probe  
  73  5:34  Blink, Probe  
  74  5:36  Probe  
  74  5:37  Phoenix (Chrono Boost)  
  77  5:47  Probe  
  75  5:57  Nexus  
  75  6:07  Probe  
  76  6:12  Nexus  
  76  6:28  Probe  
  77  6:44  Zealot  
  77  6:56  Nexus  
  77  7:12  Probe  
  78  7:19  Robotics Facility  
  78  7:23  Probe  
  83  7:30  Void Ray (Chrono Boost)  
  83  7:32  Probe, Pylon  
  83  7:33  Pylon  
  83  7:34  Probe  
  85  7:39  Robotics Facility  
  85  7:43  Templar Archives  
  85  7:44  Probe  
  85  7:48  Probe  
  79  7:55  Probe  
Tags
 
Add a new tag
Caveats
  • Supply blocks, unpowered buildings, or Contaminate may cause inaccurate times.
  • Supply counts are checked every 10 seconds.